 Dungeon Crawl Stone Soup version 0.21-a0-140-g479285b (webtiles) character file.

155649 tilp the Fencer (level 17, -1/151 HPs)
             Began as a Hill Orc Fire Elementalist on July 18, 2017.
             Was a High Priest of Vehumet.
             Hit by a javelin thrown by a merfolk javelineer (20 damage)
             ... on level 3 of the Shoals on July 19, 2017.
             The game lasted 03:49:59 (49007 turns).

tilp the Fencer (Hill Orc Fire Elementalist)       Turns: 49007, Time: 03:50:00

Health: -1/151     AC: 17    Str: 21    XL:     17   Next: 65%
Magic:  20/29      EV: 11    Int: 23    God:    Vehumet [*****.]
Gold:   1605       SH:  8    Dex:  6    Spells: 2/32 levels left

rFire    + . .     SeeInvis .   e - +9 double sword (elec)
rCold    . . .     Gourm    .   w - +3 buckler
rNeg     . . .     Faith    .   A - +5 scale mail of Vathao {+Blink Int+3 Dex-5}
rPois    .         Spirit   .   (helmet restricted)
rElec    .         Reflect  .   g - scarf {cloud immunity}
rCorr    .         Harm     .   n - +1 pair of gloves
MR       ++...                  (no boots)
Stlth    ..........             U - amulet of rage
HPRegen  0.35/turn              Z - ring "Somot" {MR+ Str+8}
MPRegen  0.21/turn              q - ring of flight

@: drained
A: horns 1, iridescent scales 1, blink, fire resistance 1
a: Blink, Renounce Religion, Evoke Blink, Evoke Berserk Rage, Evoke Flight


You were on level 3 of the Shoals.
You worshipped Vehumet.
Vehumet was extremely pleased with you.
You were not hungry.

You visited 7 branches of the dungeon, and saw 29 of its levels.
You also visited: Bailey and Ice Cave.

You collected 3561 gold pieces.
You spent 1956 gold pieces at shops.

Inventory:

Hand Weapons
 e - a +9 double sword of electrocution (weapon)
Missiles
 s - 33 tomahawks of returning (quivered)
Armour
 g - a scarf of cloud immunity (worn)
 n - a +1 pair of gloves (worn)
 w - a +3 buckler (worn)
 A - the +5 scale mail of Vathao (worn) {+Blink Int+3 Dex-5}
   (You found it on level 4 of the Dungeon)

   It affects your intelligence (+3).
   It affects your dexterity (-5).
   It lets you blink.
Jewellery
 o - a +4 ring of protection
 q - a ring of flight (right hand)
 r - an uncursed ring of protection from cold
 u - an uncursed ring of protection from fire
 U - an amulet of rage (around neck)
 Y - an uncursed ring of resist corrosion
 Z - the ring "Somot" (left hand) {MR+ Str+8}
   (You found it on level 6 of the Lair of Beasts)

   [ring of protection from magic]

   It affects your strength (+8).
   It affects your resistance to hostile enchantments.
Wands
 f - a wand of digging (13/24)
 m - a wand of lightning (6/15)
 t - a wand of acid (4/15)
 v - a wand of enslavement (14/24)
 y - a wand of iceblast (10/15)
 z - a wand of polymorph (9/24)
 G - a wand of disintegration (17/24)
 N - a wand of paralysis (10/24)
 X - a wand of confusion (10/48)
Scrolls
 h - a scroll of silence
 C - 3 scrolls of identify
 D - 6 scrolls of recharging
 I - 11 scrolls of remove curse
 K - 9 scrolls of teleportation
 L - a scroll of magic mapping
 T - 3 scrolls of fear
 W - 5 scrolls of fog
Potions
 a - 3 potions of agility
 b - 3 potions of berserk rage
 i - 3 potions of magic
 k - 13 potions of curing
 l - 3 potions of flight
 x - a potion of might
 E - a potion of invisibility
 F - 5 potions of brilliance
 M - a potion of ambrosia
 R - a potion of cancellation
 S - 4 potions of haste
 V - a potion of heal wounds
Comestibles
 c - 4 bread rations
 d - 2 chunks of flesh


   Skills:
 + Level 13.7(13.6) Fighting
 - Level 16.9(16.7) Long Blades
   Level 2.2(2.1) Axes
 - Level 7.4(7.3) Armour
 - Level 7.1(7.0) Dodging
 - Level 1.5(1.4) Stealth
 - Level 8.6(8.5) Shields
 - Level 8.4(8.3) Spellcasting
 + Level 12.3(12.2) Conjurations
 + Level 13.6(13.5) Fire Magic
 - Level 4.1(4.0) Evocations


You had 2 spell levels left.
You knew the following spells:

 Your Spells              Type           Power        Failure   Level  Hunger
a - Flame Tongue          Conj/Fire      #####        1%          1    None
b - Throw Flame           Conj/Fire      ######       1%          2    None
c - Conjure Flame         Conj/Fire      ######..     1%          3    None
d - Sticky Flame          Conj/Fire      ######..     1%          4    ##.....
e - Fireball              Conj/Fire      ######....   1%          5    #####..
g - Magic Dart            Conj           ####         1%          1    None
h - Blink                 Tloc           N/A          24%         2    None
i - Iskenderun's Battles  Conj/Chrm      #####...     11%         5    #####..
j - Orb of Destruction    Conj           ######....   22%         7    #######


Dungeon Overview and Level Annotations

Branches:
Dungeon (15/15)            Temple (1/1) D:6            Lair (6/6) D:8
 Shoals (3/4) Lair:2        Snake (1/4) Lair:2        Slime (0/5) Lair:6
    Orc (2/2) D:9             Elf (1/3) Orc:2        Vaults (0/5) D:14
 Depths (0/5) D:15

Altars:
Ashenzari
Cheibriados
Dithmenos
Elyvilon
Fedhas
Gozag
Hepliaklqana
Kikubaaqudgha
Makhleb
Nemelex Xobeh
Okawaru
Qazlal
Ru
Sif Muna
Trog
Uskayaw
Vehumet
Wu Jian
Xom
Yredelemnul
Zin
The Shining One
Beogh

Shops:
D:4 (   D:5 [   D:7 ?(!   Orc:1 %((*   Orc:2 ((:   Elf:1 [

Annotations:
D:7 exclusion: ice statue
D:12 2 runed doors, exclusion: orange crystal statue
Shoals:2 Polyphemus


Innate Abilities, Weirdness & Mutations

You have a pair of small horns on your head.
You are partially covered in iridescent scales. (AC +2)
You can translocate small distances at will.
Your flesh is heat resistant. (rF+)


Message History

The merfolk javelineer hits you from afar with a trident.
* * * LOW HITPOINT WARNING * * *
Unknown command.
Casting: Fireball
Confirm with . or Enter, or press ? or * to list all spells.
You blink.
The merfolk javelineer throws a javelin.
The javelin closely misses you.
As you read the scroll of fog, it crumbles to dust.
The scroll dissolves into smoke.
The merfolk javelineer throws a javelin.
The javelin hits you!!
* * * LOW HITPOINT WARNING * * *
You see here a javelin.
Things that are here:
a spear; 2 tomahawks You see here a spear.
The merfolk javelineer throws a javelin.
The javelin hits you!!
You die...

P..## ##..§§[§§.......≈≈≈≈≈#
...(# #..≈§§§§§(......≈≈≈≈≈#
....# ##))§§§§§.....≈≈≈≈≈≈≈#
....####..§§§m../....≈≈≈≈≈≈#
.≈≈).....m>§##....≈.).≈≈≈≈≈#
≈≈≈≈........##.)...>..≈≈≈≈≈#
≈.≈≈≈.....#####).####.≈≈≈≈≈#
≈≈≈≈≈≈.≈.^# #)## #.(≈≈≈≈≈#
≈≈≈≈≈≈≈≈≈.## ##@###..≈≈≈≈≈#
≈≈≈≈≈≈≈≈...####.......≈≈≈≈≈#
≈≈≈≈≈≈≈≈.....#....<..≈≈≈≈≈≈#
≈≈≈≈≈≈≈≈≈≈≈.....≈≈≈≈≈≈≈≈≈≈≈#
≈≈≈≈≈≈≈≈≈≈≈≈≈≈≈≈≈≈≈≈≈≈≈≈≈≈#
..≈≈≈≈≈≈≈≈≈≈≈≈≈≈≈≈≈≈≈≈≈≈≈≈#
≈.≈≈.≈≈≈≈≈≈≈≈≈≈≈≈≈≈≈≈≈≈≈≈≈#
≈...≈≈≈≈≈≈≈≈≈≈≈≈≈≈≈≈≈≈≈≈≈#
...≈≈≈≈≈≈≈≈≈≈≈≈≈≈≈≈≈≈≈≈≈


You could see a merfolk javelineer.

Vanquished Creatures
  Gastronok (Lair:2)
  Kirke (D:12)
  Agnes (D:14)
  Donald (Orc:2)
  A nagaraja (Snake:1)
  A deep elf sorcerer (Elf:1)
  An orc warlord (Orc:1)
  A caustic shrike zombie (D:15)
  Azrael (D:12)
  2 merfolk javelineers
  3 merfolk impalers
  Snorg (Lair:3)
  8 vault guards (D:14)
  2 ice dragons (IceCv)
  A deep elf high priest (Elf:1)
  6 hydras
  Harold (D:9)
  5 catoblepae
  Erolcha (D:12)
  A merfolk avatar (Shoals:3)
  A naga warrior (Lair:2)
  2 merfolk aquamancers
  A centaur warrior (D:14)
  2 satyrs (Shoals:2)
  A dancing weapon (Elf:1)
  4 ogre magi
  7 death yaks
  6 two-headed ogres
  A tengu warrior (D:14)
  A shock serpent (Lair:2)
  Urug (Lair:5)
  3 deep elf knights (Elf:1)
  Nergalle (Lair:2)
  Sonja (D:13)
  6 skeletal warriors
  5 sea snakes
  2 deep elf archers (Elf:1)
  3 unseen horrors
  A wolf spider zombie (D:15)
  The ghost of tof the Poker, a novice MiBe of Trog (D:6)
  2 wizards (D:15)
  4 harpies
  A phantasmal warrior (D:15)
  A lindwurm (Lair:3)
  5 oklob plants
  9 ugly things
  17 deep elf magi
  6 manticores
  A wolf spider (D:13)
  8 orc sorcerers
  A necromancer (D:15)
  5 cyclopes
  11 fauns
  13 elephants
  6 merfolk sirens
  2 water nymphs
  8 black mambas
  Maurice (D:10)
  Psyche (D:8)
  2 ice statues (IceCv)
  2 gargoyles
  7 spiny frogs
  8 komodo dragons
  An elf zombie (D:15)
  9 rime drakes
  A yaktaur zombie (D:15)
  3 trolls
  A guardian mummy (D:14)
  A tengu conjurer (D:14)
  20 merfolk
  A polar bear (Lair:6)
  3 wind drakes
  3 meliai (D:13)
  Prince Ribbit (D:5)
  14 blink frogs
  3 hornets
  6 hippogriffs
  4 snapping turtles
  2 slime creatures (D:5)
  6 dream sheep
  Sigmund (D:5)
  A shadow (D:11)
  2 wyverns
  2 wraiths
  56 yaks
  8 water elementals
  4 hogs (D:12)
  4 basilisks
  4 hungry ghosts
  3 vampire mosquitoes (D:13)
  Menkaure (D:5)
  5 wargs
  Edmund (D:5)
  A human zombie (D:15)
  3 acid dragons
  A naga (Snake:1)
  3 soldier ants
  29 water moccasins
  4 hell hounds (D:12)
  20 orc warriors
  20 ice beasts
  12 porcupines
  5 sky beasts
  A black bear (D:11)
  3 eyes of draining
  13 wolves
  2 phantoms
  2 necrophages
  12 centaurs
  19 ogres
  10 crocodiles
  4 big kobolds
  14 bullfrogs
  Blork the orc (D:4)
  2 scorpions
  12 killer bees
  3 howler monkeys (D:9)
  9 wights
  An electric eel (Lair:6)
  3 bullfrog zombies
  7 crimson imps
  4 quasits
  A centaur zombie (D:9)
  7 hounds
  8 jellies
  17 orc priests
  3 bullfrog skeletons
  30 orc wizards
  Ijyb (D:3)
  4 centaur skeletons
  3 iguanas
  9 worker ants
  A killer bee zombie (D:6)
  A hound zombie (D:6)
  A hound skeleton (D:6)
  14 gnolls
  12 adders
  6 shadow imps
  12 white imps (Lair:4)
  2 oozes (D:5)
  An adder skeleton (D:4)
  An adder zombie (D:7)
  3 worms
  A dart slug (D:5)
  5 leopard geckos
  65 orcs
  7 giant cockroaches
  16 goblins
  11 hobgoblins
  20 jackals
  3 quokkas
  6 ball pythons
  A ball python skeleton (D:5)
  7 bats
  8 frilled lizards
  A jackal skeleton (D:6)
  34 kobolds
  2 quokka skeletons
  2 quokka zombies (D:6)
  7 rats
  9 plants
944 creatures vanquished.

Vanquished Creatures (others)
  A jelly (D:12)
  33 fungi
  19 plants
  5 toadstools (D:5)
58 creatures vanquished.

Grand Total: 1002 creatures vanquished

Notes
Turn   | Place    | Note
-------+----------+-------------------------------------------
     0 | D:1      | tilp the Hill Orc Fire Elementalist began the quest for the Orb.
     0 | D:1      | Reached XP level 1. HP: 14/14 MP: 3/3
   161 | D:1      | Reached XP level 2. HP: 20/20 MP: 5/5
   166 | D:1      | Learned a level 2 spell: Throw Flame
   575 | D:1      | Reached XP level 3. HP: 22/26 MP: 6/6
   862 | D:1      | Learned a level 3 spell: Conjure Flame
  1249 | D:2      | Reached XP level 4. HP: 33/33 MP: 3/8
  1739 | D:3      | Noticed Ijyb
  1753 | D:3      | Killed Ijyb
  1858 | D:3      | Reached XP level 5. HP: 38/38 MP: 9/9
  1872 | D:3      | Learned a level 4 spell: Sticky Flame
  2435 | D:3      | Noticed a necrophage
  2451 | D:3      | Killed a necrophage
  2451 | D:3      | Reached XP level 6. HP: 34/44 MP: 10/10
  2613 | D:3      | Found a bloodstained altar of Trog.
  3231 | D:4      | Noticed Blork the orc
  3433 | D:4      | Found a burning altar of Makhleb.
  3585 | D:4      | Found a stormy altar of Qazlal.
  3656 | D:4      | Killed Blork the orc
  3656 | D:4      | Reached skill level 5 in Fire Magic
  3656 | D:4      | Reached XP level 7. HP: 44/49 MP: 1/11
  3932 | D:4      | Got a heavily runed scale mail
  3969 | D:4      | Found Xiss's Weapon Boutique.
  4271 | D:5      | Entered Level 5 of the Dungeon
  4293 | D:5      | Noticed Prince Ribbit
  4390 | D:5      | Killed Prince Ribbit
  4745 | D:5      | Reached skill level 5 in Conjurations
  4910 | D:5      | Noticed Edmund
  4915 | D:5      | Killed Edmund
  4915 | D:5      | Reached XP level 8. HP: 57/57 MP: 7/12
  4997 | D:5      | Found a shadowy altar of Dithmenos.
  5247 | D:5      | Noticed a slime creature
  5247 | D:5      | Noticed a slime creature
  5612 | D:5      | Noticed Menkaure
  5818 | D:5      | Noticed Sigmund
  5828 | D:5      | Reached skill level 1 in Fighting
  6185 | D:5      | Killed Menkaure
  6313 | D:5      | Found Amyos's Antique Armour Shop.
  6469 | D:5      | Killed Sigmund
  6469 | D:5      | Reached skill level 1 in Shields
  6469 | D:5      | Reached XP level 9. HP: 71/71 MP: 4/13
  7014 | D:5      | Reached skill level 5 in Fighting
  7210 | D:6      | Noticed tof's ghost (novice MiBe)
  7489 | D:6      | Reached skill level 1 in Axes
  7698 | D:6      | Reached skill level 1 in Evocations
  7950 | D:6      | Got a twisted falchion
  7951 | D:6      | Identified the +8 falchion "Ywaa" {pain, Int+3} (You found it on level 6 of the Dungeon)
  7986 | D:6      | Found a staircase to the Ecumenical Temple.
  8085 | Temple   | Entered the Ecumenical Temple
  8098 | Temple   | Became a worshipper of Vehumet
  8236 | D:6      | Killed tof's ghost
  8236 | D:6      | Reached skill level 2 in Long Blades
  8619 | D:6      | Found an opulent altar of Gozag.
  8917 | D:6      | Reached XP level 10. HP: 60/84 MP: 14/14
  9072 | D:6      | Reached skill level 3 in Long Blades
  9261 | D:6      | Identified the +5 scale mail of Vathao {+Blink Int+3 Dex-5} (You found it on level 4 of the Dungeon)
  9393 | D:7      | Found Fumokya's Magic Scroll Emporium.
  9396 | D:7      | Bought a scroll of magic mapping for 52 gold pieces
  9396 | D:7      | Bought 2 scrolls of identify for 60 gold pieces
  9396 | D:7      | Bought a scroll of identify for 30 gold pieces
  9396 | D:7      | Bought a scroll of identify for 30 gold pieces
  9642 | D:7      | Noticed an ice statue
  9721 | D:7      | Learned a level 5 spell: Fireball
  9845 | D:7      | Found Ysmellet's Weapon Emporium.
  9938 | D:7      | Reached * piety under Vehumet
  9938 | D:7      | Offered knowledge of Sting by Vehumet.
 10182 | D:7      | Found Qyrynox's Distillery.
 10185 | D:7      | Bought a potion of heal wounds for 80 gold pieces
 10185 | D:7      | Bought a potion of curing for 48 gold pieces
 10487 | D:8      | Noticed Psyche
 10612 | D:7      | Reached skill level 4 in Long Blades
 10754 | D:8      | Found a staircase to the Lair.
 10894 | D:8      | Killed Psyche
 11043 | D:8      | Found a sacrificial altar of Ru.
 11065 | D:8      | Reached ** piety under Vehumet
 11066 | D:8      | Offered knowledge of Searing Ray by Vehumet.
 11398 | D:8      | Found an iron altar of Okawaru.
 11402 | D:8      | Found a shimmering altar of Xom.
 11685 | D:9      | Gained mutation: You have a pair of small antennae on your head. [mutagenic meat]
 11686 | D:9      | Gained mutation: You are covered in fur. (AC +1) [mutagenic meat]
 12131 | D:9      | Learned a level 2 spell: Searing Ray
 12476 | D:9      | Gained mutation: You can translocate small distances at will. [mutagenic meat]
 12477 | D:9      | Gained mutation: Your muscles are strong. (Str +2) [mutagenic meat]
 12479 | D:9      | Gained mutation: You are clumsy. (Dex -2) [mutagenic meat]
 12480 | D:9      | Gained mutation: Your body sometimes deteriorates upon taking damage. [mutagenic meat]
 12484 | D:9      | Found a staircase to the Orcish Mines.
 12624 | D:9      | Noticed a catoblepas
 12882 | D:9      | Found a shadowy altar of Dithmenos.
 12939 | D:9      | Killed a catoblepas
 12939 | D:9      | Reached skill level 5 in Spellcasting
 12939 | D:9      | Reached XP level 11. HP: 46/94 MP: 1/19
 13049 | D:9      | Learned a level 1 spell: Magic Dart
 13160 | D:10     | Entered Level 10 of the Dungeon
 13163 | D:10     | Reached skill level 5 in Long Blades
 13412 | D:10     | Offered knowledge of Stone Arrow by Vehumet.
 13437 | D:10     | Noticed an unseen horror
 13440 | D:10     | Killed an unseen horror
 13542 | D:10     | Reached *** piety under Vehumet
 13667 | D:10     | Noticed Maurice
 13678 | D:10     | Killed Maurice
 13828 | Lair:1   | Entered Level 1 of the Lair of Beasts
 13988 | D:11     | Found a flagged portal.
 13999 | D:11     | Noticed an unseen horror
 14004 | D:11     | Killed an unseen horror
 14004 | D:11     | Reached skill level 6 in Long Blades
 14067 | D:11     | Learned a level 2 spell: Blink
 14068 | Bailey   | Entered a bailey
 14077 | Bailey   | Offered knowledge of Ignite Poison by Vehumet.
 14347 | Bailey   | Reached **** piety under Vehumet
 14478 | D:11     | Noticed a two-headed ogre
 14488 | D:11     | Killed a two-headed ogre
 14788 | D:11     | Offered knowledge of Static Discharge by Vehumet.
 15321 | D:11     | Paralysed by a hornet for 3 turns
 15768 | D:12     | Reached skill level 7 in Long Blades
 15918 | D:12     | Noticed Kirke
 15918 | D:12     | Noticed a red ugly thing
 15981 | D:12     | Reached XP level 12. HP: 75/106 MP: 13/21
 15983 | D:12     | Reached skill level 10 in Fighting
 15989 | D:12     | Noticed Erolcha
 16076 | D:12     | Killed Erolcha
 16339 | D:12     | Killed Kirke
 16590 | D:12     | Found a runed door.
 16609 | D:12     | Found a runed door.
 16617 | D:12     | Noticed a two-headed ogre
 16635 | D:12     | Noticed Azrael
 16640 | D:12     | Killed a two-headed ogre
 16640 | D:12     | Reached skill level 8 in Long Blades
 16943 | Orc:1    | Entered Level 1 of the Orcish Mines
 16943 | Orc:1    | Found Jahell's General Store.
 17408 | Orc:1    | Noticed an orc warlord
 17468 | D:9      | Noticed a two-headed ogre
 17473 | D:9      | Killed a two-headed ogre
 18644 | Lair:2   | Noticed Gastronok
 18646 | Lair:2   | Noticed a six-headed hydra
 18841 | Lair:2   | Found a staircase to the Snake Pit.
 18894 | Lair:2   | Killed a seven-headed hydra
 18894 | Lair:2   | Reached skill level 9 in Long Blades
 19102 | Lair:2   | Reached XP level 13. HP: 115/115 MP: 21/24
 19113 | Lair:2   | Reached skill level 10 in Fire Magic
 19490 | Lair:2   | Reached ***** piety under Vehumet
 19530 | Lair:2   | Offered knowledge of Spellforged Servitor by Vehumet.
 19645 | Lair:2   | Noticed Nergalle
 19648 | Lair:2   | Killed Nergalle
 19692 | Lair:2   | Reached skill level 10 in Long Blades
 19953 | Lair:2   | Killed Gastronok
 20201 | Lair:2   | Found a staircase to the Shoals.
 21411 | Lair:3   | Noticed Snorg
 21424 | Lair:3   | Killed Snorg
 21960 | Lair:3   | Lost mutation: You are clumsy. (Dex -2) [potion of mutation]
 21960 | Lair:3   | Lost mutation: You have a pair of small antennae on your head. [potion of mutation]
 21960 | Lair:3   | Gained mutation: Your flesh is heat resistant. (rF+) [potion of mutation]
 21960 | Lair:3   | Gained mutation: Your system is resistant to poisons. (rPois) [potion of mutation]
 22473 | Lair:4   | Reached skill level 11 in Long Blades
 23065 | Lair:4   | Found a frozen archway.
 23101 | IceCv    | Entered an ice cave
 23638 | IceCv    | Reached skill level 10 in Conjurations
 23843 | IceCv    | Noticed an ice dragon
 23844 | IceCv    | Noticed an ice dragon
 23860 | IceCv    | Killed an ice dragon
 23860 | IceCv    | Offered knowledge of Force Lance by Vehumet.
 23860 | IceCv    | Reached XP level 14. HP: 31/122 MP: 18/26
 23865 | IceCv    | HP: 4/122 [ice dragon/blast of cold (40)]
 24446 | Lair:4   | Found a white marble altar of Elyvilon.
 25146 | Lair:5   | Noticed Urug
 25149 | Lair:5   | Killed Urug
 25149 | Lair:5   | Reached skill level 12 in Long Blades
 25927 | Lair:5   | Found an ancient bone altar of Kikubaaqudgha.
 26236 | Lair:6   | Entered Level 6 of the Lair of Beasts
 26246 | Lair:5   | Reached skill level 13 in Long Blades
 27151 | Lair:6   | Reached skill level 14 in Long Blades
 28071 | Lair:6   | Upgraded the game from 0.21-a0-137-g951aa02 to 0.21-a0-140-g479285b
 28412 | Lair:6   | Reached skill level 15 in Long Blades
 28952 | Lair:6   | Reached XP level 15. HP: 120/128 MP: 27/27
 29259 | Lair:6   | Reached skill level 16 in Long Blades
 29539 | Lair:6   | Got a steaming ivory ring
 29566 | Lair:6   | Identified the ring "Somot" {MR+ Str+8} (You found it on level 6 of the Lair of Beasts)
 29652 | Lair:6   | Offered knowledge of Yara's Violent Unravelling by Vehumet.
 29895 | Lair:6   | Found a staircase to the Slime Pits.
 30621 | Orc:1    | Noticed Harold
 30634 | D:9      | Killed Harold
 30741 | Orc:1    | Killed an orc warlord
 30987 | Orc:1    | Found Vunimof's Antique Weapon Boutique.
 31025 | Orc:1    | Found Tiesa's Food Shop.
 31190 | Orc:1    | Found Kiaph's Antique Weapon Shoppe.
 31273 | Orc:2    | Entered Level 2 of the Orcish Mines
 31273 | Orc:2    | Found a staircase to the Elven Halls.
 31284 | Orc:2    | Noticed Donald
 31940 | Snake:1  | Entered Level 1 of the Snake Pit
 31948 | Snake:1  | Noticed a nagaraja
 32813 | D:12     | Killed Azrael
 32971 | D:13     | Noticed Sonja
 32975 | D:13     | Killed Sonja
 32995 | D:13     | Reached skill level 1 in Armour
 34071 | D:14     | Reached skill level 5 in Shields
 34763 | D:14     | Offered knowledge of Bolt of Draining by Vehumet.
 35062 | D:14     | Found a gate to the Vaults.
 35217 | D:14     | Reached skill level 5 in Dodging
 35329 | D:14     | Reached XP level 16. HP: 118/139 MP: 28/28
 35554 | D:14     | Lost mutation: Your body sometimes deteriorates upon taking damage. [potion of mutation]
 35554 | D:14     | Lost mutation: Your system is resistant to poisons. (rPois) [potion of mutation]
 35554 | D:14     | Lost mutation: Your muscles are strong. (Str +2) [potion of mutation]
 35554 | D:14     | Lost mutation: You are covered in fur. (AC +1) [potion of mutation]
 35554 | D:14     | Gained mutation: You have a pair of small horns on your head. [potion of mutation]
 35554 | D:14     | Gained mutation: You are partially covered in iridescent scales. (AC +2) [potion of mutation]
 35884 | D:14     | Noticed Agnes
 35890 | D:14     | Killed Agnes
 36273 | D:15     | Entered Level 15 of the Dungeon
 36274 | D:15     | Found a staircase to the Depths.
 36872 | D:15     | Reached skill level 5 in Armour
 38099 | D:7      | Bought 2 potions of curing for 96 gold pieces
 38099 | D:7      | Bought a potion of heal wounds for 80 gold pieces
 38099 | D:7      | Bought a potion of curing for 48 gold pieces
 38099 | D:7      | Bought a potion of might for 64 gold pieces
 38099 | D:7      | Bought a potion of flight for 48 gold pieces
 38256 | Shoals:1 | Entered Level 1 of the Shoals
 38395 | Shoals:1 | Offered knowledge of Iron Shot by Vehumet.
 39076 | Shoals:1 | Identified a scroll of acquirement
 41959 | Shoals:2 | Noticed Polyphemus
 43092 | Orc:2    | Killed Donald
 43092 | Orc:2    | Reached XP level 17. HP: 21/148 MP: 4/29
 43738 | Orc:2    | Found a radiant altar of Vehumet.
 44099 | Orc:2    | Found Esueg's Book Shop.
 44159 | Orc:2    | Found Jogy's Antique Weapon Boutique.
 44181 | Orc:2    | Found a radiant altar of Vehumet.
 44182 | Orc:2    | Paralysed by an orc sorcerer for 3 turns
 44781 | Orc:2    | Found an ancient bone altar of Kikubaaqudgha.
 44900 | Orc:2    | Offered knowledge of Conjure Ball Lightning by Vehumet.
 44988 | Orc:2    | Found a roughly hewn altar of Beogh.
 44988 | Orc:2    | Found Cudd's Antique Weapon Shop.
 45037 | Orc:2    | Found Soxaek's Distillery.
 45045 | Orc:2    | Bought a potion of curing for 45 gold pieces
 45045 | Orc:2    | Bought a potion of might for 60 gold pieces
 45045 | Orc:2    | Bought a potion of magic for 120 gold pieces
 45045 | Orc:2    | Bought a potion of cancellation for 120 gold pieces
 45045 | Orc:2    | Bought a potion of flight for 45 gold pieces
 45045 | Orc:2    | Bought a potion of heal wounds for 75 gold pieces
 45045 | Orc:2    | Bought a potion of heal wounds for 75 gold pieces
 45045 | Orc:2    | Bought a potion of agility for 60 gold pieces
 45045 | Orc:2    | Bought a potion of curing for 45 gold pieces
 45261 | Elf:1    | Entered Level 1 of the Elven Halls
 46317 | Elf:1    | Found Duezal's Antique Armour Boutique.
 47521 | Orc:2    | Bought a book of Power for 675 gold pieces
 47712 | Lair:1   | Learned a level 5 spell: Iskenderun's Battlesphere
 47720 | Lair:1   | Learned a level 7 spell: Orb of Destruction
 48095 | Snake:1  | Found a burning altar of Makhleb.
 49007 | Shoals:3 | Hit by a javelin thrown by a merfolk javelineer

Vault maps used:
D:1:      dpeg_arrival_rhombi, minmay_misc_feat_room,
          hangedman_abyss_or_decor_lesser_grid, patterned_corridor
D:3:      nicolae_overflow_crystal_walls, uniq_ijyb
D:4:      marbit_many_paths, first_bread, serial_shops, shop, bloody_makhleb,
          uniq_blork_the_orc
D:5:      cheibrodos_fertilizer, serial_shops, shop, grunt_dithmenos_smoke,
          uniq_menkaure, uniq_edmund, uniq_prince_ribbit1, uniq_sigmund
D:6:      grunt_gozag_statues, temple_statues, corexii_shack,
          grunt_decor_mini_mirrors, roderic_filled_cross, dk_noncrumbling_4
D:7:      lemuel_ice_statue, serial_shops, kennysheep_mini_moat,
          nicolae_shop_trees, kennysheep_little_box
D:8:      nicolae_ru_awakened_eye, gammafunk_temple_overflow_statue,
          dpeg_oklobed_lair, uniq_psyche
D:9:      orc_0_dummy, basic_altar, hangedman_pestilent_swarm
D:10:     uniq_maurice
D:11:     lab_entry_generic, enter_bailey_1
D:12:     chequers_guarded_unrand_ignorance, uniq_azrael, uniq_kirke,
          uniq_erolcha
D:13:     uniq_sonja
D:14:     erik_vaults_2, hangedman_glass_teeth, uniq_agnes
D:15:     gammafunk_depths_entry_grave, minmay_misc_feat_tower
Temple:   lightli_temple_of_artemis
Lair:1:   serial_bayou_crossing
Lair:2:   minmay_shoals_entry_lonely_mermaid, minmay_snake_entry_six_corridors,
          minivault_23, infiniplex_staircase_pool_2, uniq_nergalle,
          uniq_gastronok
Lair:3:   hibernation_bobbens, uniq_snorg
Lair:4:   portal_ice_cave_entry_imps, basic_altar
Lair:5:   lemuel_oklob_altar, uniq_urug
Lair:6:   evilmike_catoblepas_cave, minmay_slime_entry_oklob_enclosed,
          infiniplex_staircase_pool
Shoals:2: cheibrodos_shoals_satyrical_garden, uniq_polyphemus
Snake:1:  basic_altar
Orc:1:    serial_shops, nicolae_shop_crystal, shop, shop, shop, uniq_harold
Orc:2:    kennysheep_orc_mage_school, basic_altar, uniq_donald
Elf:1:    minmay_elf_arrival_circle, serial_shops, shop_statue,
          minmay_elf_demonology, nicolae_elf_stone_circles,
          bh_hangedman_babel_library
Bailey:   bailey_axe_1, bailey
IceCv:    ice_cave_small_dragons

Skill      XL: |  1  2  3  4  5  6  7  8  9 10 11 12 13 14 15 16 17 |
---------------+----------------------------------------------------+-----
Spellcasting   | 2 3 5 6 7 8 |  8.4
Conjurations   | 2 4 5 7 8 9 10 11 12 | 12.3
Fire Magic     | 5 7 8 9 11 12 13 | 13.6
Fighting       | 3 6 7 9 10 11 12 13 | 13.7
Dodging        | 3 4 5 6 7 |  7.1
Shields        | 1 4 6 7 8 |  8.6
Axes           | 2 |  2.2
Evocations     | 2 4 |  4.1
Long Blades    | 2 4 7 9 11 15 16 | 16.9
Armour         | 4 6 7 |  7.4
Stealth        | |  1.5

Action                   |  1- 3 |  4- 6 |  7- 9 | 10-12 | 13-15 | 16-18 || total
-------------------------+-------+-------+-------+-------+-------+-------++-------
Melee: Hand axe          |    75 |   106 |   122 |       |       |       ||   303
       Club              |     3 |       |       |       |       |       ||     3
       Falchion          |       |       |    26 |   336 |   266 |       ||   628
       Short sword       |       |       |       |    53 |       |       ||    53
       Double sword      |       |       |       |       |   500 |   557 ||  1057
       Headbutt          |       |       |       |       |       |    69 ||    69
Throw: Stone             |     4 |       |       |       |       |       ||     4
 Cast: Flame Tongue      |    19 |    73 |   143 |   307 |   240 |   120 ||   902
       Throw Flame       |     2 |     1 |     2 |    41 |    32 |    13 ||    91
       Conjure Flame     |       |     8 |    14 |    36 |    52 |    11 ||   121
       Sticky Flame      |       |       |     7 |    60 |    58 |    22 ||   147
       Fireball          |       |       |       |    10 |    60 |    56 ||   126
       Magic Dart        |       |       |       |     1 |     1 |     2 ||     4
       Iskenderun's Batt |       |       |       |       |       |     4 ||     4
       Blink             |       |       |       |       |       |     1 ||     1
 Abil: Blink             |       |       |       |     1 |     5 |       ||     6
       Evoke Flight      |       |       |       |       |       |     7 ||     7
Evoke: Wand              |       |       |     1 |     1 |       |       ||     2
  Use: Scroll            |       |     1 |     2 |    20 |    16 |    10 ||    49
       Potion            |       |       |     5 |     2 |     9 |    11 ||    27
 Stab: Sleeping          |     4 |     4 |     3 |     2 |     5 |       ||    18
       Distracted        |       |     1 |       |     1 |       |     1 ||     3
  Eat: Chunk             |     1 |     8 |     5 |    26 |    27 |    23 ||    90
       Fruit             |       |     1 |     2 |       |     4 |     4 ||    11
       Meat ration       |       |       |     3 |     3 |     2 |       ||     8
       Royal jelly       |       |       |       |     2 |     2 |     2 ||     6
       Bread ration      |       |       |       |     1 |     5 |     7 ||    13
Armor: Robe              |    21 |    38 |    39 |   106 |   198 |   102 ||   504
       Skin              |       |       |     6 |       |       |       ||     6
       Scale mail        |       |       |       |       |       |    29 ||    29
Dodge: Dodged            |    66 |    69 |    89 |   205 |   276 |   244 ||   949
Block: Buckler           |       |     2 |    28 |   109 |   209 |   173 ||   521
       Rpst.: Falchion   |       |       |     2 |    49 |    43 |       ||    94
       Double sword      |       |       |       |       |    30 |    43 ||    73
